 Dungeon Crawl Stone Soup version 0.20-a0-772-g73021bd (webtiles) character file.

1221 tizzy the Cleaver (level 8, 0/58 HPs)
             Began as a Demonspawn Fighter on Feb 27, 2017.
             Was an Initiate of Wu Jian.
             Slain by Edmund the water moccasin (7 damage)
             ... on level 5 of the Dungeon.
             The game lasted 00:10:32 (4389 turns).

tizzy the Cleaver (Demonspawn Fighter)              Turns: 4389, Time: 00:10:33

Health: 0/58       AC: 12    Str: 24    XL:     8   Next: 23%
Magic:  8/8        EV:  7    Int: 15    God:    Wu Jian [......]
Gold:   165        SH:  9    Dex: 14    Spells: 7/7 levels left

rFire    + + .     SeeInvis .   a - +0 war axe
rCold    . . .     Gourm    .   b - +0 scale mail
rNeg     . . .     Faith    .   c - +0 shield
rPois    .         Spirit   .   n - +0 helmet
rElec    .         Reflect  .   (no cloak)
rCorr    .         Harm     .   g - +0 pair of gloves
MR       .....                  u - +0 pair of boots
Stlth    ..........             (no amulet)
Regen    0.2/turn               (no ring)
MPRegen  0.2/turn               q - ring of protection from fire

@: mighty, brilliant
A: iridescent scales 1, agile 1, fire resistance 1, powered by death 2
a: Renounce Religion


You were on level 5 of the Dungeon.
You worshipped Wu Jian.
Wu Jian was noncommittal.
You were not hungry.

You visited 2 branches of the dungeon, and saw 6 of its levels.

You collected 165 gold pieces.

Inventory:

Hand Weapons
 a - a +0 war axe (weapon)
Armour
 b - a +0 scale mail (worn)
 c - a +0 shield (worn)
 g - a +0 pair of gloves (worn)
 n - a +0 helmet (worn)
 u - a +0 pair of boots (worn)
Jewellery
 q - a ring of protection from fire (left hand)
Wands
 m - a wand of polymorph (2/24)
Scrolls
 d - a scroll of teleportation {unknown}
 e - 2 scrolls of amnesia {unknown}
 h - a scroll of magic mapping {unknown}
 j - 2 scrolls of enchant armour {unknown}
 k - 2 scrolls of recharging {unknown}
 l - 3 scrolls of remove curse {unknown}
 p - 2 scrolls of fog {unknown}
 v - a scroll of fear {unknown}
 w - a scroll of blinking {unknown}
Potions
 r - a potion of resistance
Comestibles
 f - 4 bread rations
 i - a royal jelly
 x - a chunk of flesh


   Skills:
 - Level 3.0 Fighting
 * Level 9.2 Axes
 - Level 2.6 Armour
 - Level 2.6 Shields


You had 7 spell levels left.
You didn't know any spells.

Dungeon Overview and Level Annotations

Branches:
Dungeon (5/15)             Temple (1/1) D:4

Altars:
Ashenzari
Cheibriados
Fedhas
Gozag
Kikubaaqudgha
Makhleb
Nemelex Xobeh
Okawaru
Ru
Sif Muna
Trog
Uskayaw
Vehumet
Wu Jian
Zin

Annotations:
D:5 Edmund


Innate Abilities, Weirdness & Mutations

You regenerate health from kills.
You are partially covered in iridescent scales. (AC +2)
You are agile. (Dex +2)
Your flesh is heat resistant. (rF+)


Message History

Edmund bites you but does no damage. Edmund bites you.
* * * LOW HITPOINT WARNING * * *
Your shield prevents you from hitting Edmund.
Edmund is heavily wounded.
You block Edmund's attack.
You closely miss Edmund.
Edmund is heavily wounded.
You block Edmund's attack. x2
You barely miss Edmund.
Edmund is heavily wounded.
You block Edmund's attack.
You closely miss Edmund.
Edmund is heavily wounded.
Edmund bites you.
* * * LOW HITPOINT WARNING * * *
Edmund barely misses you.
It was a potion of brilliance.
You feel clever all of a sudden. You block Edmund's attack. Edmund bites you!
You die...

#######8+8#..# ####.......#..#
#.....##.#....# #.....'..#.##>#
#....<####.##.# #.....# ##.##.#
#.....###..##.####
#.##'#....<##....# #
#.#.....#####@# ######
#.#....### #S# ##.....#.
#..##....(####S#### #...<....
#.......#.#...O...# #........
#.#..####.#.#.......###........
#...........#........##........
#########.###........##........
#....##.# +.........'.....(..
###.......# #.......###........


You could see Edmund the water moccasin, an ogre and an adder.

Vanquished Creatures
  Grinder (D:2)
  The ghost of elan the Chopper, an amateur NaWr (D:3)
  A phantom (D:4)
  An ogre (D:5)
  2 vampire bats (D:3)
  A howler monkey (D:3)
  A hound (D:4)
  5 orc priests (D:4)
  5 orc wizards (D:4)
  A bullfrog skeleton (D:5)
  A centaur skeleton (D:5)
  Ijyb (D:3)
  An iguana (D:4)
  A hound skeleton (D:4)
  3 adders
  2 oozes (D:4)
  8 worms
  5 dart slugs
  5 leopard geckos
  4 orcs
  6 bats
  6 bat skeletons (D:3)
  3 giant cockroaches
  7 hobgoblins
  5 jackals
  4 quokkas
  A ball python (D:4)
  8 frilled lizards
  8 goblins
  6 kobolds
  4 rats
108 creatures vanquished.

Notes
Turn   | Place    | Note
-------+----------+-------------------------------------------
     0 | D:1      | tizzy the Demonspawn Fighter began the quest for the Orb.
     0 | D:1      | Reached XP level 1. HP: 18/18 MP: 1/1
    13 | D:1      | Reached skill level 2 in Axes
   327 | D:1      | Gained mutation: You regenerate a little health from kills. [demonic ancestry]
   327 | D:1      | Reached XP level 2. HP: 24/24 MP: 2/2
   479 | D:1      | Reached skill level 3 in Axes
   786 | D:1      | Reached XP level 3. HP: 29/29 MP: 3/3
  1153 | D:2      | Gained mutation: You are agile. (Dex +2) [potion of mutation]
  1153 | D:2      | Gained mutation: You are partially covered in iridescent scales. (AC +2) [potion of mutation]
  1153 | D:2      | Gained mutation: Your flesh is heat resistant. (rF+) [potion of mutation]
  1577 | D:2      | Gained mutation: You regenerate health from kills. [demonic ancestry]
  1577 | D:2      | Reached XP level 4. HP: 35/35 MP: 4/4
  1694 | D:2      | Reached skill level 4 in Axes
  1780 | D:3      | Found a faded altar of an unknown god.
  1789 | D:3      | Noticed elan's ghost (amateur NaWr)
  2002 | D:3      | Noticed Ijyb
  2006 | D:3      | Noticed Grinder
  2018 | D:2      | Killed Grinder
  2018 | D:2      | Reached skill level 5 in Axes
  2018 | D:2      | Reached XP level 5. HP: 18/41 MP: 5/5
  2018 | D:2      | Reached XP level 6. HP: 20/47 MP: 6/6
  2028 | D:3      | Killed Ijyb
  2028 | D:3      | Reached skill level 6 in Axes
  2229 | D:3      | Found a bloodstained altar of Trog.
  2358 | D:3      | Killed elan's ghost
  2378 | D:3      | Reached skill level 7 in Axes
  2378 | D:3      | Reached XP level 7. HP: 46/52 MP: 7/7
  2591 | D:3      | Found an opulent altar of Gozag.
  2593 | D:3      | Found a sacrificial altar of Ru.
  2594 | D:3      | Found a burning altar of Makhleb.
  2673 | D:3      | Found an ancient bone altar of Kikubaaqudgha.
  3109 | D:4      | Found a staircase to the Ecumenical Temple.
  3126 | Temple   | Entered the Ecumenical Temple
  3184 | Temple   | Became a worshipper of the Wu Jian Council
  3375 | D:4      | Found a hide-covered altar of Uskayaw.
  3388 | D:4      | Reached skill level 8 in Axes
  4084 | D:4      | Reached XP level 8. HP: 48/58 MP: 8/8
  4242 | D:5      | Entered Level 5 of the Dungeon
  4279 | D:5      | Reached skill level 9 in Axes
  4357 | D:5      | Noticed Edmund
  4377 | D:5      | Noticed Edmund
  4377 | D:5      | Edmund changed into Edmund the water moccasin
  4389 | D:5      | Slain by Edmund the water moccasin

Vault maps used:
D:1:      minmay_arrival_solitary_statue, minmay_misc_feat_iff,
          minmay_misc_feat_diagonals
D:2:      first_bread
D:3:      kennysheep_vampire_church, minitemple,
          chequers_ecumenical_altar_island, amethyst_killhole,
          trog_three_pillars_becter, uniq_grinder, uniq_iyjb
D:4:      old_standard_altar, minmay_temple_entry_water_ring
D:5:      lemuel_ice_spiral_2, doesnt_xom_only_xom, lemuel_round_altar,
          lemuel_round_altar, uniq_edmund
Temple:   cyrus_temple_forest

Skill      XL: |  1  2  3  4  5  6  7  8 |
---------------+-------------------------+-----
Axes           | 2 3 5 7 8 9 |  9.2
Fighting       | |  3.0
Armour         | |  2.6
Shields        | |  2.6

Action                   |  1- 3 |  4- 6 |  7- 9 || total
-------------------------+-------+-------+-------++-------
Melee: War axe           |   128 |    77 |   226 ||   431
Evoke: Wand              |       |     1 |     3 ||     4
  Use: Potion            |     3 |     1 |     3 ||     7
  Eat: Chunk             |     2 |     3 |     7 ||    12
Armor: Scale mail        |    45 |    34 |   133 ||   212
       Skin              |     4 |       |       ||     4
Dodge: Dodged            |    21 |    23 |    69 ||   113
Block: Shield            |    71 |    30 |   128 ||   229
